Map: Flooded City

Players

Metasapien - Winner!

  • Race: Zerg Zerg
  • League: Platinum
  • Spawn Location: 12:00

Kswiss - Winner!

  • Race: Protoss Protoss
  • Spawn Location: 12:00

aPygmyGoat

  • Race: Terran Terran
  • Spawn Location: 6:00

moob

  • Race: Protoss Protoss
  • Spawn Location: 6:00

VOD

Have the link to the VOD?

Description

Time

  • Played on: Sept. 18, 2017, 11:24 p.m.
  • Length: 8:14
Show
View Real Time Build Order
Export as new Build Order

Metasapien Zerg - Winner!

Build Orders: Pool First 

Get SALT Encoding   

  12  0:20  Spawning Pool  
  11  0:22  Drone  
  12  0:28  Drone  
  12  0:33  Extractor  
  12  0:36  Drone  
  13  0:45  Overlord  
  13  0:56  Drone  
  14  1:06  Drone  
  14  1:08  Drone  
  16  1:20  Drone  
  17  1:30  Drone  
  18  1:45  Hatchery  
  18  1:46  Metabolic Boost  
  17  1:51  Drone  
  18  1:55  Drone  
  19  2:03  Drone  
  20  2:16  Overlord  
  20  2:29  Roach Warren  
  19  2:31  Extractor  
  18  2:44  Hatchery  
  18  2:50  Drone  
  18  3:04  Drone  
  18  3:05  Drone x2  
  21  3:10  Queen  
  23  3:14  Zergling x2  
  23  3:17  Zergling x2  
  25  3:23  Roach  
  27  3:27  Roach  
  27  3:32  Drone  
  30  3:36  Zergling x2  
  32  3:46  Queen  
  32  3:48  Zergling x4  
  36  3:50  Spine Crawler  
  36  3:51  Drone  
  35  4:03  Overlord  
  35  4:04  Overlord  
  35  4:21  Queen  
  35  4:23  Roach  
  35  4:24  Roach x2  
  43  4:27  Drone  
  43  4:28  Drone  
  45  4:38  Drone  
  46  4:54  Roach  
  46  4:55  Overlord, Roach  
  50  5:01  Hatchery  
  49  5:08  Lair  
  49  5:16  Ravager  
  49  5:17  Ravager  
  49  5:20  Roach x2  
  55  5:29  Drone x3  
  58  5:36  Drone  
  58  5:38  Overlord  
  59  5:51  Overlord x2  
  59  6:00  Drone x5  
  64  6:08  Roach  
  64  6:09  Overlord  
  66  6:17  Ravager  
  66  6:18  Ravager  
  68  6:27  Drone x2, Spine Crawler  
  68  6:29  Queen  
  68  6:53  Roach x6  
  80  7:00  Hydralisk Den  
  79  7:04  Infestation Pit  
  76  7:18  Zergling x8  
  76  7:19  Roach x5  
  64  7:38  Roach x6  
  64  7:39  Roach x2  
  77  7:46  Roach x3  
  82  7:51  Drone  
  81  7:59  Ravager x2  
Show
View Real Time Build Order
Export as new Build Order

Kswiss Protoss - Winner!

Build Orders: Oracle Opening 

Get SALT Encoding   

  12  0:01  Probe (Chrono Boost)  
  13  0:12  Probe (Chrono Boost)  
  14  0:24  Probe (Chrono Boost), Pylon  
  15  0:42  Probe (Chrono Boost)  
  16  0:49  Gateway  
  16  0:53  Probe (Chrono Boost)  
  17  0:57  Forge  
  17  1:03  Probe (Chrono Boost)  
  18  1:09  Assimilator  
  18  1:12  Pylon  
  18  1:16  Probe (Chrono Boost)  
  19  1:26  Probe (Chrono Boost)  
  20  1:37  Probe (Chrono Boost)  
  21  1:45  Photon Cannon  
  21  1:46  Cybernetics Core  
  21  1:52  Probe (Chrono Boost)  
  22  2:03  Probe (Chrono Boost)  
  23  2:17  Probe (Chrono Boost)  
  24  2:27  Probe (Chrono Boost)  
  25  2:36  Stargate  
  25  2:38  Assimilator  
  26  2:51  Probe (Chrono Boost)  
  26  2:57  Photon Cannon  
  26  3:00  Nexus  
  26  3:02  Photon Cannon  
  26  3:20  Oracle (Chrono Boost)  
  29  3:28  Pylon  
  29  3:32  Photon Cannon  
  29  3:53  Void Ray (Chrono Boost)  
  33  4:03  Assimilator  
  33  4:38  Void Ray (Chrono Boost)  
  37  4:43  Stargate  
  37  4:46  Pylon  
  37  4:48  Pylon  
  37  4:51  Photon Cannon  
  37  4:54  Photon Cannon  
  37  4:58  Protoss Air Weapons Level 1 (Chrono Boost)  
  37  4:59  Probe  
  38  5:10  Probe  
  39  5:20  Probe  
  39  5:21  Void Ray  
  44  5:31  Probe  
  44  5:34  Pylon  
  45  5:38  Pylon  
  45  5:41  Probe  
  45  5:43  Protoss Shields Level 1 (Chrono Boost)  
  46  5:51  Assimilator  
  46  5:52  Probe  
  46  5:54  Pylon  
  47  6:02  Probe  
  47  6:05  Void Ray  
  52  6:13  Probe  
  53  6:23  Probe  
  54  6:34  Probe  
  52  6:57  Stargate  
  52  7:00  Stargate  
  52  7:04  Stargate  
Show
View Real Time Build Order
Export as new Build Order

aPygmyGoat Terran 

Build Orders:  

Get SALT Encoding   

  12  0:01  SCV  
  13  0:15  SCV  
  14  0:21  Supply Depot  
  14  0:27  SCV  
  15  0:43  SCV  
  16  0:50  Barracks  
  16  0:52  Supply Depot  
  16  0:55  SCV  
  17  1:07  SCV  
  18  1:15  Refinery  
  18  1:17  Refinery  
  18  1:19  SCV  
  19  1:27  Barracks  
  19  1:34  SCV  
  20  1:44  Marine  
  20  1:45  Bunker  
  21  1:54  SCV  
  22  2:06  Marine  
  22  2:07  SCV  
  24  2:30  Bunker  
  24  2:32  Marine  
  24  2:33  Marine  
  24  2:36  SCV  
  27  2:48  SCV  
  28  3:21  Marine  
  28  3:23  Marine  
  30  3:34  Orbital Command  
  30  3:39  Marine  
  31  3:54  Marine  
  31  4:01  Command Center  
  28  4:11  Engineering Bay  
  28  4:16  Factory  
  28  4:18  Factory  
  28  4:24  Marine x2  
  30  4:42  Marine  
  31  4:49  Missile Turret x2  
  31  5:07  Factory Tech Lab x2  
  31  5:12  Marine  
  31  5:13  SCV  
  33  5:15  Supply Depot  
  33  5:19  Supply Depot  
  33  5:25  SCV  
  34  5:29  Marine  
  34  5:30  Marine  
  36  5:47  Marine  
  37  5:51  Siege Tank x2  
  43  6:08  Supply Depot  
  43  6:09  Hi-Sec Auto Tracking, Supply Depot  
  43  6:23  Missile Turret, Siege Tank x2  
  49  7:08  Missile Turret  
  40  7:34  Missile Turret x2  
  40  7:36  Missile Turret  
  35  7:37  Missile Turret  
  18  8:00  Missile Turret  
Show
View Real Time Build Order
Export as new Build Order

moob Protoss 

Build Orders:  

Get SALT Encoding   

  12  0:03  Probe (Chrono Boost)  
  13  0:19  Probe (Chrono Boost), Pylon  
  14  0:30  Probe (Chrono Boost)  
  15  0:37  Assimilator  
  15  0:42  Probe (Chrono Boost)  
  16  0:50  Gateway  
  16  0:52  Probe (Chrono Boost)  
  17  1:07  Forge  
  17  1:08  Probe (Chrono Boost)  
  18  1:14  Assimilator  
  18  1:27  Probe (Chrono Boost)  
  18  1:31  Pylon  
  19  1:37  Probe (Chrono Boost)  
  20  1:44  Pylon  
  20  1:48  Probe (Chrono Boost)  
  21  1:55  Zealot  
  21  2:00  Cybernetics Core  
  23  2:02  Probe (Chrono Boost)  
  24  2:13  Probe (Chrono Boost)  
  25  2:21  Photon Cannon  
  25  2:30  Photon Cannon  
  25  2:35  Photon Cannon  
  25  3:06  Warp Gate  
  25  3:23  Zealot (Chrono Boost)  
  27  3:36  Nexus  
  27  3:47  Zealot (Chrono Boost)  
  29  3:53  Assimilator  
  29  3:57  Assimilator  
  29  4:11  Zealot (Chrono Boost)  
  29  4:12  Pylon  
  15  4:34  Photon Cannon  
  15  4:36  Photon Cannon  
  14  4:43  Stalker (Chrono Boost)  
  16  4:56  Probe  
  17  5:07  Probe  
  18  5:14  Protoss Ground Armor Level 1  
  18  5:17  Probe  
  19  5:28  Probe  
  19  5:30  Probe  
  21  5:38  Probe  
  21  5:42  Probe  
  23  5:54  Probe  
  24  6:06  Probe, Pylon  
  25  6:13  Pylon  
  26  6:18  Probe  
  26  6:29  Photon Cannon  
  26  6:30  Photon Cannon  
  26  6:37  Probe  
  25  6:48  Photon Cannon  
  25  6:56  Probe (Chrono Boost)  
  26  7:07  Probe (Chrono Boost)  
  27  7:14  Photon Cannon  
  27  7:18  Probe (Chrono Boost)  
  28  7:28  Probe (Chrono Boost)  
  23  7:58  Photon Cannon  
Tags
 
Add a new tag
Caveats
  • Supply blocks, unpowered buildings, or Contaminate may cause inaccurate times.
  • Supply counts are checked every 10 seconds.